 Dungeon Crawl Stone Soup version 0.26.1-11-gd32895ea62 (webtiles) character file.

Game seed: 18422881332000721375

373 Almogavar the Stinger (level 6, -12/44 HPs)
             Began as a Gnoll Wanderer on May 2, 2021.
             Mangled by Pikel
             ... wielding a +0 whip of electrocution
              (19 damage)
             ... on level 4 of the Dungeon.
             The game lasted 00:08:47 (3461 turns).

Almogavar the Stinger (Gnoll Wanderer)              Turns: 3461, Time: 00:08:48

Health: -12/44     AC:  9    Str: 14    XL:     6   Next: 72%
Magic:  11/11      EV:  7    Int: 16    God:
Gold:   219        SH:  0    Dex: 15    Spells: 12/12 levels left

rFire    . . .     SeeInvis .   a - +2 quarterstaff
rCold    . . .     Faith    .   (shield currently unavailable)
rNeg     . . .     Spirit   .   m - +0 chain mail
rPois    .         Reflect  .   p - +0 helmet
rElec    .         Harm     .   (no cloak)
rCorr    .         Rampage  .   (no gloves)
Will     .....                  (no boots)
Stlth    ..........             r - amulet of the acrobat
HPRegen  0.14/turn              (no ring)
MPRegen  0.12/turn              (no ring)

@: no status effects
A: distributed training, fangs 1, strong nose
a: no special abilities


You were on level 4 of the Dungeon.
You visited 1 branch of the dungeon, and saw 4 of its levels.

You collected 219 gold pieces.

Inventory:

Hand Weapons
 a - a +2 quarterstaff (weapon)
Missiles
 f - 6 javelins
 n - 15 poisoned darts (quivered)
Armour
 m - a +0 chain mail (worn)
 p - a +0 helmet (worn)
 s - a +0 kite shield
Jewellery
 h - an uncursed amulet of guardian spirit
 l - an uncursed amulet of regeneration
 r - an amulet of the acrobat (around neck)
Scrolls
 b - 2 scrolls of teleportation
 e - a scroll of magic mapping
 g - 3 scrolls of remove curse
 k - a scroll of amnesia
 o - a scroll of noise {unknown}
Potions
 c - 3 potions of curing
 d - a potion of brilliance
 i - a potion of might
 j - 2 potions of ambrosia
 q - 2 potions of haste {unknown}
 t - a potion of degeneration {unknown}
 u - a potion of berserk rage {unknown}


   Skills:
 + Level 2.1 Fighting
 + Level 2.1 Short Blades
 + Level 2.1 Long Blades
 + Level 2.1 Axes
 + Level 2.1 Maces & Flails
 + Level 2.1 Polearms
 + Level 3.3 Staves
 + Level 2.1 Slings
 + Level 2.1 Bows
 + Level 2.1 Crossbows
 + Level 3.3 Throwing
 + Level 2.1 Armour
 + Level 2.1 Dodging
 + Level 4.6 Stealth
 + Level 2.1 Shields
 + Level 2.1 Unarmed Combat
 + Level 3.5 Spellcasting
 + Level 1.6 Conjurations
 + Level 1.6 Hexes
 + Level 1.6 Summonings
 + Level 1.6 Necromancy
 + Level 1.6 Translocations
 + Level 1.6 Transmutations
 + Level 1.6 Fire Magic
 + Level 1.6 Ice Magic
 + Level 1.6 Air Magic
 + Level 1.6 Earth Magic
 + Level 7.3 Poison Magic
 + Level 2.3 Invocations
 + Level 3.3 Evocations


You had 12 spell levels left.
You didn't know any spells.
Your spell library was empty.

Dungeon Overview and Level Annotations

Branches:
Dungeon (4/15)
 Temple: D:4-7

Altars:
Cheibriados
Elyvilon
Fedhas
Gozag
Yredelemnul
Zin

Annotations:
D:4 Pikel


Innate Abilities, Weirdness & Mutations

Your experience applies equally to all skills.
You have very sharp teeth.
Your uncanny sense of smell can sniff out nearby items.


Message History

Pikel is lightly wounded.
Pikel hits you but does no damage.
You barely miss Pikel. You bite Pikel, but do no damage.
Pikel is lightly wounded.
Pikel says, "You'll burn in Gehenna!"
Pikel hits you but does no damage.
You sock Pikel!
Pikel is heavily wounded.
The lemure looks more healthy.
Pikel hits you with a +0 whip of electrocution.
You are electrocuted!!
* * * LOW HITPOINT WARNING * * *
You are too injured to fight recklessly!
You are too injured to fight recklessly!
You are too injured to fight recklessly!
You are too injured to fight recklessly!
You hit Pikel.
Pikel is heavily wounded.
Pikel hits you but does no damage.
You are electrocuted!!
You die...

#.#. .... #.#.#
.. ..... ..
#.#.#5 ∆ #..
...((5#########
∆ ...
....55K........
... #@# ..# ..
####.# #.#
###### #....#
#.# .....
#.#.#### #.#
######## #.#.#
#.# #....... .
#.#.######.#
#.###### #.
#.#.##.....#
#..##...
#.##.#.##.##††#
##.#....
#....#....###.#
#.#.###


You could see Pikel (poisoned) and 4 lemures.

Vanquished Creatures
  An ogre (D:4)
  A hound (D:3)
  An orc wizard (D:3)
  Terence (D:2)
  2 worker ants (D:4)
  Robin (D:4)
  3 adders (D:3)
  5 worms
  3 dart slugs (D:1)
  8 orcs (D:3)
  16 bats
  2 giant cockroaches (D:2)
  22 goblins
  8 hobgoblins
  2 jackals (D:1)
  6 kobolds
  A ball python (D:1)
  4 frilled lizards
  A jackal skeleton (D:4)
  10 rats
98 creatures vanquished.

Notes
Turn   | Place    | Note
-------+----------+-------------------------------------------
     0 | D:1      | Almogavar the Gnoll Wanderer began the quest for the Orb.
     0 | D:1      | Almogavar set off with the following items: a +2
                  | quarterstaff, a scroll of teleportation, a potion of
                  | curing, a +0 robe, a +0 dagger
     0 | D:1      | Reached XP level 1. HP: 13/13 MP: 4/4
   106 | D:1      | Reached XP level 2. HP: 19/19 MP: 5/5
   299 | D:1      | Reached XP level 3. HP: 15/25 MP: 7/7
   940 | D:2      | Found a faded altar of an unknown god.
   954 | D:2      | Reached skill level 1 in Invocations
   999 | D:2      | Found an opulent altar of Gozag.
  1148 | D:2      | Reached skill level 1 in Fighting
  1148 | D:2      | Reached skill level 1 in Short Blades
  1148 | D:2      | Reached skill level 1 in Long Blades
  1148 | D:2      | Reached skill level 1 in Axes
  1148 | D:2      | Reached skill level 1 in Maces & Flails
  1148 | D:2      | Reached skill level 1 in Polearms
  1148 | D:2      | Reached skill level 1 in Slings
  1148 | D:2      | Reached skill level 1 in Bows
  1148 | D:2      | Reached skill level 1 in Crossbows
  1148 | D:2      | Reached skill level 1 in Armour
  1148 | D:2      | Reached skill level 1 in Dodging
  1148 | D:2      | Reached skill level 1 in Shields
  1148 | D:2      | Reached skill level 1 in Unarmed Combat
  1183 | D:2      | Found a basalt altar of Yredelemnul.
  1344 | D:2      | Reached XP level 4. HP: 32/32 MP: 8/8
  1437 | D:2      | Found a white marble altar of Elyvilon.
  1661 | D:2      | Noticed Terence
  1667 | D:2      | Killed Terence
  1668 | D:2      | Reached skill level 1 in Conjurations
  1668 | D:2      | Reached skill level 1 in Hexes
  1668 | D:2      | Reached skill level 1 in Summonings
  1668 | D:2      | Reached skill level 1 in Necromancy
  1668 | D:2      | Reached skill level 1 in Translocations
  1668 | D:2      | Reached skill level 1 in Transmutations
  1668 | D:2      | Reached skill level 1 in Fire Magic
  1668 | D:2      | Reached skill level 1 in Ice Magic
  1668 | D:2      | Reached skill level 1 in Air Magic
  1668 | D:2      | Reached skill level 1 in Earth Magic
  1772 | D:2      | Found a blossoming altar of Fedhas.
  1898 | D:3      | Reached XP level 5. HP: 37/37 MP: 9/9
  2714 | D:3      | Found a glowing silver altar of Zin.
  2714 | D:3      | Found a snail-covered altar of Cheibriados.
  3028 | D:4      | Noticed Robin
  3065 | D:3      | Reached XP level 6. HP: 44/44 MP: 10/10
  3083 | D:4      | Killed Robin
  3449 | D:4      | Noticed Pikel
  3461 | D:4      | Mangled by Pikel

Illustrated notes

Levels and vault maps discovered:
D:1:      lightli_arrival_noodles, layout_loops_ring, minmay_vboxes
D:2:      layout_loops_ring, kennysheep_ying_yang, lemuel_round_altar,
          fedhas_altar_4, chequers_ecumenical_altar_simple, uniq_terence
D:3:      layout_loops_corners, amethyst_overflow_temple_binary,
          minmay_misc_feat_nine_boxes
D:4:      layout_basic, serial_co_window_serial, co_window_of_opportunity_a,
          co_window_paths_b, co_window_corner_a, co_window_corner_a,
          co_window_of_opportunity_a, co_window_paths_b,
          co_window_of_opportunity_a, co_window_cross_1, co_window_paths_a,
          co_window_corner_b, co_window_2corner, co_window_corner_b,
          co_window_2corner, co_window_corner_b, co_window_4corner_a,
          glass_columns_a, glass_columns_c, glass_columns_a, glass_columns_a,
          uniq_ijyb, uniq_duvessa, uniq_pikel, uniq_robin

Skill      XL: |  1  2  3  4  5  6 |
---------------+-------------------+-----
Invocations    | 1 2 |  2.3
Fighting       | 1 2 |  2.1
Short Blades   | 1 2 |  2.1
Long Blades    | 1 2 |  2.1
Axes           | 1 2 |  2.1
Maces & Flails | 1 2 |  2.1
Polearms       | 1 2 |  2.1
Slings         | 1 2 |  2.1
Bows           | 1 2 |  2.1
Crossbows      | 1 2 |  2.1
Armour         | 1 2 |  2.1
Dodging        | 1 2 |  2.1
Shields        | 1 2 |  2.1
Unarmed Combat | 1 2 |  2.1
Spellcasting   | 3 |  3.5
Conjurations   | 1 |  1.6
Hexes          | 1 |  1.6
Summonings     | 1 |  1.6
Necromancy     | 1 |  1.6
Translocations | 1 |  1.6
Transmutations | 1 |  1.6
Fire Magic     | 1 |  1.6
Ice Magic      | 1 |  1.6
Air Magic      | 1 |  1.6
Earth Magic    | 1 |  1.6
Staves         | 3 |  3.3
Throwing       | 3 |  3.3
Evocations     | 3 |  3.3
Stealth        | |  4.6
Poison Magic   | |  7.3

Action                   |  1- 3 |  4- 6 || total
-------------------------+-------+-------++-------
Melee: Quarterstaff      |    98 |   170 ||   268
       Bite              |    11 |    17 ||    28
Throw: Javelin           |       |     7 ||     7
       Dart              |       |     6 ||     6
  Use: Scroll            |     4 |     3 ||     7
 Stab: Sleeping          |     1 |       ||     1
Armor: Leather armour    |     8 |       ||     8
       Ring mail         |    10 |       ||    10
       Chain mail        |    60 |   113 ||   173
Dodge: Dodged            |    41 |    63 ||   104
